 Dungeon Crawl Stone Soup version 0.29.1-1-gd02db6906a (webtiles) character file.

Game seed: 9225412364347388026

79 masschaos23 the Trooper (level 4, -2/41 HPs)
             Began as a Hill Orc Fighter on Sept 15, 2022.
             Slain by an ogre
             ... wielding a +0 giant club
              (21 damage)
             ... on level 5 of the Dungeon.
             The game lasted 00:05:01 (3024 turns).

masschaos23 the Trooper (Hill Orc Fighter)          Turns: 3024, Time: 00:05:01

Health: -2/41      AC:  7    Str: 20    XL:     4   Next: 38%
Magic:  4/4        EV:  9    Int:  8    God:
Gold:   125        SH:  4    Dex: 10    Spells: 3/3 levels left

rFire   . . .      SeeInvis .   a - +0 war axe
rCold   + . .      Faith    .   c - +0 buckler
rNeg    + . .      Spirit   .   b - +0 scale mail
rPois   .          Reflect  .   (no helmet)
rElec   .          Harm     .   (no cloak)
rCorr   .          Rampage  .   (no gloves)
Will    .....                   (no boots)
Stlth   ..........              j - amulet of Activism {rC+ Regen+}
HPRegen 0.13/turn               e - ring of positive energy
MPRegen 0.09/turn               (no ring)

@: no status effects
A: no striking features
a: no special abilities


You were on level 5 of the Dungeon.
You visited 1 branch of the dungeon, and saw 5 of its levels.

You collected 125 gold pieces.

Inventory:

Hand Weapons
 a - a +0 war axe (weapon)
Armour
 b - a +0 scale mail (worn)
 c - a +0 buckler (worn)
Jewellery
 e - a ring of positive energy (left hand)
 j - the amulet of Activism (around neck) {rC+ Regen+}
   (You acquired it on level 4 of the Dungeon)

   [amulet of regeneration]

   rC:        It protects you from cold.
   Regen:     It increases your rate of health regeneration.
Potions
 d - a potion of might
 f - 2 potions of heal wounds
 g - 2 potions of attraction {unknown}
 h - a potion of ambrosia {unknown}
 i - a potion of brilliance {unknown}
 k - a potion of haste {unknown}
 m - a potion of curing {unknown}


   Skills:
 + Level 4.3 Fighting
 + Level 4.3 Axes
 + Level 3.9 Armour
 + Level 3.5 Shields


You had 3 spell levels left.
You didn't know any spells.
Your spell library was empty.

Dungeon Overview and Level Annotations

Branches:
Dungeon (5/15)
 Temple: D:4-7

Altars:
Qazlal
Sif Muna
Uskayaw

Shops:
D:3 !

Annotations:
D:3 3 runed translucent doors, turdburglar's ghost, amateur HuFi
D:4 Grinder; Robin


Message History

A hobgoblin comes into view.
Grinder hits you but does no damage. The adder bites you but does no damage.
An orc comes into view. It is wielding a +0 short sword.
Grinder blinks!
The adder attacks as you move away! The adder bites you but does no damage.
Found a stone staircase leading down.
The adder completely misses you. The adder attacks as you move away!
The adder bites you. The adder barely misses you. The hobgoblin hits you.
Grinder blinks!
The hobgoblin hits you. You block the adder's attack. The adder bites you.
You are poisoned.
The adder poisons you!
Grinder blinks!
You feel sick. The hobgoblin barely misses you.
There is a stone staircase leading down here.
You feel sick. The adder bites you but does no damage.
The hobgoblin closely misses you.
You climb downwards.
You feel sick.
Found a stone staircase leading down.
There is a stone staircase leading up here.
You hit the hobgoblin.
The hobgoblin is almost dead.
You closely miss the adder.
You feel sick. The adder bites you but does no damage.
The adder closely misses you. The hobgoblin hits you.
You hit the hobgoblin.
You kill the hobgoblin!
You miss the adder.
You feel sick. The adder misses you.
An ogre breaks down the door.
The adder bites you but does no damage.
A gnoll and a jelly come into view.
You miss the adder.
You feel sick.
You are no longer poisoned.
The gnoll shouts!
The jelly quivers.
You hear a shout!
The adder completely misses you.
A gnoll comes into view. It is wielding a +0 halberd.
The adder barely misses you.
The ogre hits you with a +0 giant club!!
Ouch! That really hurt!
You die...

..# ..# g.#
..# ..+ J.#
#####'######
#..†@S.....#
#....O.....#
#...w>.....#
#..........#
+..........#
#...####+###
#... ....


You could see an ogre, a jelly, a gnoll, an adder and a dart slug.

Vanquished Creatures
  2 worms
  2 dart slugs
  5 orcs (D:3)
  5 bats
  5 endoplasms
  2 giant cockroaches (D:3)
  10 goblins
  7 hobgoblins
  7 jackals
  A quokka (D:2)
  3 ball pythons
  2 frilled lizards
  3 kobolds
  2 rats
56 creatures vanquished.

Notes
Turn   | Place    | Note
-------+----------+-------------------------------------------
     0 | D:1      | masschaos23 the Hill Orc Fighter began the quest for the
                  | Orb.
     0 | D:1      | Reached XP level 1. HP: 19/19 MP: 1/1
   247 | D:1      | Reached XP level 2. HP: 27/27 MP: 2/2
   955 | D:2      | Reached XP level 3. HP: 26/33 MP: 3/3
  1736 | D:3      | Noticed turdburglar's ghost (amateur HuFi)
  1762 | D:3      | Found a runed translucent gate.
  1762 | D:3      | Found a runed translucent gate.
  1762 | D:3      | Found a runed translucent gate.
  1891 | D:3      | Found a stormy altar of Qazlal.
  2091 | D:3      | Reached XP level 4. HP: 18/41 MP: 4/4
  2286 | D:3      | Found Lecoett's Distillery.
  2301 | D:3      | Found a hide-covered altar of Uskayaw.
  2491 | D:3      | Found a shimmering blue altar of Sif Muna.
  2825 | D:3      | Found a faded altar of an unknown god.
  3001 | D:4      | Identified a scroll of acquirement
  3001 | D:4      | Acquired the amulet of Activism {rC+ Regen+}
  3008 | D:4      | Noticed Robin
  3012 | D:4      | Noticed Grinder
  3021 | D:5      | Entered Level 5 of the Dungeon
  3021 | D:5      | Noticed an ogre
  3024 | D:5      | Slain by an ogre

Illustrated notes

Levels and vault maps discovered:
D:1:      minmay_arrival_solitary_statue, layout_basic
D:2:      layout_basic
D:3:      layout_loops_ring, nicolae_qazlal_eye_of_the_storm,
          lemuel_blue_sif_altar, amcnicky_altar_gilded, gammafunk_ghost_split,
          serial_shops, nicolae_shop_advertising_works
          [nicolae_subvault_shop_adworks], ebering_ecumenical_altar_sacrificial
D:4:      layout_cave_pools, serial_demonic, serial_demonic_c, serial_demonic_b,
          serial_demonic_b, serial_demonic_b, serial_demonic_e,
          serial_demonic_e, serial_demonic_a, serial_demonic_d,
          kennysheep_opposing_triangles, uniq_robin, uniq_grinder
D:5:      layout_gridville, temple_green, grunt_decor_resistance,
          supply_closet_lemuel, minmay_misc_feat_doors

Skill      XL: |  1  2  3  4 |
---------------+-------------+-----
Fighting       | 4 |  4.3
Axes           | 3 4 |  4.3
Armour         | |  3.9
Shields        | |  3.5

Action                   |  1- 3 |  4- 6 || total
-------------------------+-------+-------++-------
Melee: War axe           |   117 |    36 ||   153
  Use: Scroll            |     2 |     4 ||     6
Armor: Scale mail        |    57 |    23 ||    80
Dodge: Dodged            |    73 |    22 ||    95
Block: Buckler           |    29 |    11 ||    40
